 Dungeon Crawl Stone Soup version 0.31-a0-319-g4fced400ed (webtiles) character file.

Game seed: 12582931646737409225

86 LeprechaunX the Changeling (level 4, -1/30 HPs)
             Began as an Octopode Shapeshifter on July 17, 2023.
             Slain by an orc
             ... wielding a +0 falchion
              (2 damage)
             ... on level 3 of the Dungeon.
             The game lasted 00:02:35 (1587 turns).

LeprechaunX the Changeling (Octopode Shapeshifter)  Turns: 1587, Time: 00:02:35

Health: -1/30      AC:  1    Str: 16    XL:     4   Next: 49%
Magic:  4/4        EV: 13    Int: 10    God:
Gold:   95         SH:  0    Dex: 12    Spells: 3/3 levels left

rFire   . .          .
                       - Unarmed
rCold   . . .        (no shield)
rNeg    . . .        (helmet currently unavailable)
rPois   .            (no amulet)
rElec   .            (no ring)
rCorr   .            (no ring)
SInv    .            (no ring)
Will    .....        (no ring)
Stlth   ++           (no ring)
HPRegen 0.25/turn    (no ring)
MPRegen 0.09/turn    (no ring)
                     (no ring)

%: no passive effects
@: beast-form
A: beast (slay +2), almost no armour, amphibious, 8 rings, camouflage 1,
gelatinous body 1, (nimble swimmer 1), tentacles
a: Begin Untransformation


You were on level 3 of the Dungeon.
You were a hulking beast.
You visited 1 branch of the dungeon, and saw 3 of its levels.

You collected 95 gold pieces.

Inventory:

Missiles
 e - a throwing net (quivered)
 l - 3 curare-tipped darts
Talismans
 b - a beast talisman
Scrolls
 d - 2 scrolls of identify {unknown}
 f - a scroll of vulnerability {unknown}
 j - 2 scrolls of noise {unknown}
 o - a scroll of fear {unknown}
Potions
 a - a potion of lignification
 c - a potion of magic {unknown}
 g - 2 potions of curing {unknown}
 h - a potion of enlightenment {unknown}
 i - 2 potions of attraction {unknown}
 k - a potion of might {unknown}
 m - a potion of mutation {unknown}
 n - a potion of heal wounds {unknown}


   Skills:
 + Level 2.5 Fighting
 + Level 2.6 Dodging
 * Level 3.0 Unarmed Combat
 * Level 3.5 Shapeshifting


You had 3 spell levels left.
You didn't know any spells.
Your spell library contained the following spells:

 Spells                   Type           Power      Damage    Failure   Level
 Ensorcelled Hibernation  Hex/Ice        0%         N/A       50%         2
 Passwall                 Tmut/Erth      0%         N/A       50%         2
 Frozen Ramparts          Ice            0%         1d1       75%         3
 Swiftness                Air            0%         N/A       75%         3
 Petrify                  Tmut/Erth      0%         N/A       98%         4
 Metabolic Englaciation   Hex/Ice        0%         N/A       100%        5


Dungeon Overview and Level Annotations

Branches:
Dungeon (3/15)

Altars:


Innate Abilities, Weirdness & Mutations

You are a hulking beast.
Your limbs bulge with bestial killing power. (Slay +2)
You cannot wear most types of armour.
You are amphibious.
You can wear up to eight rings at the same time.
Your skin changes colour to match your surroundings (Stealth+).
Your rubbery body absorbs attacks. (AC +1, EV +1)
((You are camouflaged when in or above water. (Stealth+)))
You have tentacles for arms and can constrict up to eight enemies at once.


Message History

You closely miss the rat. You grab the rat. You squeeze the rat.
You kill the rat!
You barely miss the orc. Your grab misses the orc. You tentacle-slap the orc.
You grab the orc.
The orc is lightly wounded.
You constrict the orc, but do no damage.
The orc closely misses you.
An orc comes into view. It is wielding a +0 falchion.
You tentacle-slap the orc.
The orc is severely wounded.
You constrict the orc, but do no damage.
The orc barely misses you.
You tentacle-slap the orc but do no damage.
The orc is severely wounded.
You constrict the orc.
You kill the orc!
You barely miss the orc. Your grab misses the orc.
The orc priest mumbles some strange prayers to Beogh against you.
Beogh smites you!
* * * LOW HITPOINT WARNING * * *
The orc hits you with a +0 dagger.
* * * LOW HITPOINT WARNING * * *
You barely miss the orc. Your grab misses the orc. The orc closely misses you.
You tentacle-slap the orc. You grab the orc.
The orc is heavily wounded.
You constrict the orc.
The orc priest calls upon Beogh to heal the orc.
The orc is healed somewhat.
The orc misses you.
You tentacle-slap the orc.
The orc is moderately wounded.
You constrict the orc. The orc hits you with a +0 dagger.
* * * LOW HITPOINT WARNING * * *
You tentacle-slap the orc.
The orc is almost dead.
You constrict the orc.
You kill the orc!
You tentacle-slap the orc. You grab the orc.
The orc is moderately wounded.
You constrict the orc. The orc hits you with a +0 falchion.
You die...

.## . . # ...
.#. .# ... ...
..# #..
#.###..##
#..##........
#.......o..
#....o..# #o# .
#h# .. #.# ...
#######)# ....
........###...#
###.....).....#.
#.##..........
.. #)####.####
## #.# #.# #.#
#.#


You could see an orc priest and an orc.

Vanquished Creatures
  2 adders
  A worm (D:2)
  5 dart slugs
  3 orcs (D:3)
  3 endoplasms
  A giant cockroach (D:2)
  7 goblins
  3 hobgoblins
  3 jackals (D:1)
  9 ball pythons
  4 bats
  A frilled lizard (D:1)
  4 kobolds
  6 rats
52 creatures vanquished.

Notes
Turn   | Place    | Note
-------+----------+-------------------------------------------
     0 | D:1      | LeprechaunX the Octopode Shapeshifter began the quest for
                  | the Orb.
     0 | D:1      | Reached XP level 1. HP: 14/14 MP: 1/1
    84 | D:1      | Reached XP level 2. HP: 7/19 MP: 2/2
   470 | D:1      | Reached XP level 3. HP: 24/24 MP: 3/3
  1252 | D:2      | Reached XP level 4. HP: 30/30 MP: 4/4
  1585 | D:3      | HP: 1/30 [orc/+0 dagger (2)]
  1587 | D:3      | Slain by an orc

Illustrated notes

Levels and vault maps discovered:
D:1:      saegor_arrival_miasma, layout_loops_ring
D:2:      layout_basic, minmay_ruptured
D:3:      layout_loops_ring, mainiacjoe_overflow_concentric_impassable,
          ebering_ghost_rock_garden, shapermc_ecumenical_altar_rom_forum,
          uniq_natasha

Skill      XL: |  1  2  3  4 |
---------------+-------------+-----
Unarmed Combat | 3 |  3.0
Fighting       | |  2.5
Dodging        | |  2.6
Shapeshifting  | |  3.5

Action                     |  1- 3 |  4- 6 || total
---------------------------+-------+-------++-------
  Melee: Unarmed           |    69 |    26 ||    95
         Constrict         |    20 |     9 ||    29
         Tentacles         |    13 |     2 ||    15
         Punch             |     2 |       ||     2
   Stab: Sleeping          |     7 |     2 ||     9
 Armour: Skin              |    12 |       ||    12
  Dodge: Dodged            |    31 |     9 ||    40

Table legend: (Time is in decaauts)
 A = Elapsed time spent in this place.
 B = Non-inter-level travel time spent in this place.
 C = Inter-level travel time spent in this place.
 D = Time resting spent in this place.
 E = Time spent auto-exploring this place.
 F = Levels seen in this place.
 G = Mean time per level.
                   A        B        C        D        E       F      G
               +--------+--------+--------+--------+--------+-----+--------+
         Total |   1581 |   1442 |    139 |     67 |   1122 |   3 |  527.0 |
       Dungeon |   1581 |   1442 |    139 |     67 |   1122 |   3 |  527.0 |
               +--------+--------+--------+--------+--------+-----+--------+

Top non-repeatable levels by time:
     D:2: 808 daAuts
     D:1: 727 daAuts
     D:3: 45 daAuts
